Map: Chantier naval orbital

Players

Snake

  • Race: Protoss Protoss
  • League: Silver

FallenAngel - Winner!

  • Race: Zerg Zerg
  • League: Silver

VOD

Have the link to the VOD?

Description

Time

  • Played on: July 26, 2015, 6:37 a.m.
  • Length: 14:22
Show
View Real Time Build Order
Export as new Build Order

Snake Protoss 

Build Orders:  

Get SALT Encoding   

  12  0:14  Pylon  
  12  0:15  Probe  
  13  0:27  Probe (Chrono Boost)  
  14  0:39  Probe (Chrono Boost)  
  15  0:47  Probe (Chrono Boost)  
  16  0:56  Probe  
  17  1:08  Probe (Chrono Boost)  
  18  1:11  Nexus  
  19  1:18  Probe (Chrono Boost)  
  19  1:22  Gateway  
  19  1:25  Probe  
  19  1:30  Assimilator  
  20  1:38  Pylon  
  20  1:39  Probe (Chrono Boost)  
  21  1:51  Probe (Chrono Boost)  
  22  1:59  Forge  
  22  2:00  Probe (Chrono Boost), Assimilator  
  23  2:10  Cybernetics Core  
  23  2:15  Zealot  
  25  2:24  Probe (Chrono Boost)  
  27  2:30  Probe (Chrono Boost)  
  27  2:35  Probe (Chrono Boost)  
  28  2:42  Probe x2  
  30  2:50  Warp Gate (Chrono Boost)  
  30  2:54  Probe x2  
  31  3:06  Mothership Core  
  31  3:09  Pylon  
  33  3:15  Pylon  
  33  3:27  Nexus  
  33  3:33  Gateway  
  33  3:35  Gateway  
  33  3:40  Gateway  
  33  3:42  Probe  
  33  3:44  Probe  
  35  3:52  Photon Cannon  
  35  3:58  Probe x2  
  37  4:08  Robotics Facility  
  37  4:10  Probe  
  37  4:11  Probe  
  39  4:18  Pylon  
  39  4:22  Probe  
  40  4:29  Probe  
  41  4:32  Stalker  
  41  4:33  Stalker  
  41  4:34  Probe  
  41  4:36  Stalker  
  48  4:40  Probe  
  48  4:41  Probe  
  50  4:49  Probe  
  50  4:51  Assimilator  
  50  4:52  Probe  
  52  4:53  Probe  
  52  4:55  Protoss Ground Weapons Level 1 (Chrono Boost), Assimilator  
  52  4:56  Observer (Chrono Boost)  
  54  5:04  Robotics Bay  
  54  5:07  Probe x3  
  56  5:11  Observer (Chrono Boost)  
  58  5:17  Pylon  
  58  5:21  Pylon  
  58  5:24  Sentry  
  58  5:25  Stalker  
  62  5:35  Probe x3  
  65  5:44  Observer  
  65  5:47  Probe x2  
  65  5:48  Probe, Assimilator  
  69  5:50  Stalker  
  69  5:51  Stalker x2  
  69  5:52  Assimilator  
  75  5:59  Probe  
  76  6:06  Forge  
  76  6:10  Gateway  
  76  6:14  Gateway  
  76  6:17  Gateway  
  79  6:22  Disruptor (Chrono Boost)  
  79  6:27  Probe x2  
  79  6:28  Probe  
  82  6:34  Pylon  
  82  6:35  Pylon  
  82  6:37  Pylon  
  82  6:39  Probe  
  84  6:40  Probe x2  
  85  6:50  Sentry  
  85  6:51  Probe  
  85  6:52  Sentry, Probe x2  
  85  6:53  Disruptor (Chrono Boost), Zealot x2  
  99  6:59  Protoss Ground Armor Level 1 (Chrono Boost)  
  99  7:04  Probe x3  
  102  7:17  Twilight Council  
  102  7:19  Gateway  
  102  7:21  Gateway  
  102  7:23  Gateway  
  102  7:25  Gateway  
  102  7:27  Sentry  
  107  7:30  Zealot x2  
  107  7:31  Zealot  
  107  7:32  Stalker  
  107  7:34  Disruptor (Chrono Boost)  
  115  7:50  Pylon  
  115  7:52  Pylon  
  115  7:53  Blink (Chrono Boost)  
  115  7:55  Pylon  
  115  7:57  Pylon  
  115  7:59  Pylon  
  115  8:06  Protoss Ground Weapons Level 2 (Chrono Boost)  
  115  8:14  Warp Prism (Chrono Boost)  
  115  8:19  Stalker x4  
  125  8:20  Stalker x3  
  131  9:05  Templar Archives  
  131  9:10  Nexus  
  131  9:13  Assimilator  
  131  9:15  Stalker x5  
  131  9:16  Stalker  
  143  9:19  Assimilator  
  143  9:22  Disruptor x2  
  143  9:23  Pylon  
  143  9:25  Pylon  
  143  9:28  Pylon  
  143  9:30  Disruptor  
  143  9:35  Zealot x5  
  152  9:46  Disruptor  
  152  9:47  Charge  
  148  10:22  High Templar  
  148  10:23  High Templar x8  
  148  10:24  High Templar  
  166  10:30  Archon x5  
  166  10:50  Disruptor x2  
  166  10:51  Stalker  
  166  10:55  Stalker  
  166  10:56  Stalker  
  166  10:57  Stalker x3  
  178  11:10  Probe x4  
  110  11:48  High Templar x2  
  110  11:49  High Templar x5  
  110  11:51  Zealot x3  
  110  11:52  Archon  
  110  11:53  Archon x2  
  128  12:01  High Templar  
  130  12:09  Archon  
  122  12:27  Stalker x7  
  122  12:28  Stalker x3  
  139  12:59  Zealot  
  139  13:00  Disruptor (Chrono Boost), Zealot x7  
  139  13:01  Zealot x3  
  161  13:26  Zealot x2  
  161  13:27  Zealot x7  
  167  13:28  Disruptor, Zealot x2  
  186  13:35  Nexus  
  186  13:39  Disruptor  
  186  13:52  Photon Cannon  
  186  13:54  Photon Cannon  
  186  13:55  Photon Cannon  
  186  13:58  Nexus, Photon Cannon  
  186  14:01  Assimilator  
  186  14:03  Assimilator  
  186  14:06  Pylon  
  186  14:08  Pylon  
  163  14:12  Pylon  
Show
View Real Time Build Order
Export as new Build Order

FallenAngel Zerg - Winner!

Build Orders: Hatch First, Lurkers 

Get SALT Encoding   

  12  0:01  Drone  
  13  0:09  Drone  
  14  0:17  Overlord  
  14  0:38  Drone x3  
  17  0:52  Hatchery  
  16  1:06  Drone x2  
  18  1:13  Spawning Pool  
  18  1:15  Extractor  
  18  1:18  Drone  
  17  1:28  Drone  
  18  1:45  Drone x2  
  20  1:54  Drone  
  21  2:03  Queen  
  21  2:04  Overlord  
  23  2:08  Drone  
  23  2:13  Queen  
  26  2:27  Drone x4  
  30  2:39  Queen  
  32  2:48  Metabolic Boost  
  32  2:49  Queen  
  32  2:50  Zergling x2  
  36  2:51  Zergling x2  
  36  3:12  Overlord  
  36  3:13  Overlord x2  
  36  3:17  Hatchery  
  35  3:35  Drone x5  
  35  3:36  Drone x6  
  46  3:44  Roach Warren  
  46  3:46  Drone  
  46  4:02  Lair  
  46  4:03  Zergling x4  
  46  4:04  Zergling x6  
  46  4:05  Zergling x2  
  52  4:18  Drone x2, Extractor  
  52  4:22  Drone x2  
  52  4:23  Drone  
  56  4:24  Overlord x3  
  56  4:30  Extractor  
  55  4:31  Extractor  
  54  4:47  Queen  
  54  4:50  Drone x4  
  54  4:51  Drone x6  
  66  4:58  Drone x3  
  66  4:59  Drone x3  
  71  5:27  Drone x2  
  73  5:34  Overseer  
  73  5:38  Drone x5  
  73  5:41  Extractor  
  77  5:44  Extractor  
  77  5:45  Evolution Chamber  
  77  5:48  Evolution Chamber  
  74  6:10  Drone x2  
  76  6:11  Drone  
  76  6:12  Drone  
  76  6:13  Drone x2  
  76  6:16  Roach  
  76  6:17  Roach x4  
  90  6:20  Overlord x5  
  90  6:23  Overseer  
  90  6:24  Overseer  
  90  6:38  Drone  
  90  6:39  Drone x2  
  93  6:49  Hydralisk Den  
  93  6:50  Zerg Missile Weapons Level 1, Zerg Ground Armor Level 1  
  92  7:04  Roach x6  
  92  7:05  Roach x6  
  92  7:06  Roach  
  118  7:08  Overlord x3  
  118  7:09  Overlord  
  118  7:24  Muscular Augments  
  118  7:27  Hydralisk x8  
  118  7:28  Hydralisk x6  
  146  7:41  Hatchery  
  145  8:13  Hydralisk x8  
  145  8:18  Hatchery  
  145  8:19  Overlord x2  
  160  8:20  Overlord x4  
  160  8:30  Infestation Pit  
  160  8:31  Hatchery  
  152  9:02  Lurker Den  
  152  9:51  Roach  
  152  9:52  Roach x20  
  148  10:09  Roach  
  148  10:10  Roach x3  
  148  10:12  Roach x12  
  148  10:13  Roach x10  
  198  10:29  Roach  
  200  10:38  Lurker x2  
  200  11:10  Hive  
  200  11:12  Zerg Ground Armor Level 2, Zerg Missile Weapons Level 2  
  151  11:30  Roach  
  151  11:31  Roach x7  
  151  11:32  Roach x6  
  155  11:33  Roach x3  
  139  11:44  Roach x2  
  139  11:45  Roach x6  
  139  11:46  Roach x5  
  135  12:14  Roach  
  135  12:15  Roach x9  
  145  12:44  Hydralisk  
  145  12:45  Hydralisk x17  
  181  13:01  Ultralisk Cavern  
  180  13:06  Spire  
  179  13:17  Zergling x2  
  179  13:18  Zergling x22  
  191  13:23  Lurker x7  
Tags
 
Add a new tag
Caveats
  • Supply blocks, unpowered buildings, or Contaminate may cause inaccurate times.
  • Supply counts are checked every 10 seconds.